cohdb
Replays
Latest Replays
All Replays
Popular Replays
Top Player Replays
Match Explorer
How It Works
Community
CoH3 Stats
Reddit
Sign in to upload your games and track your stats! →
Sign in with Steam
Match 43045055
Unlisted
Match 43045055
Overview
Messages
Build Orders
End
Engineer Squad
Construct Barracks
Riflemen Squad
Riflemen Squad
Riflemen Squad
Infantry Support Center
Grenade Package
Construct Medical Station
Riflemen Squad
Construct Motor Pool
M1 Anti-tank Gun Team
M1 Anti-tank Gun Team
M1918 Browning Automatic Rifles
Construct Tank Depot
Advanced Logistics
Selects Special Operations Battlegroup
Selects Raiding Flares
Selects SSF Commando Squad
Selects M29 Weasel with M1 Pack Howitzer
Selects P-47 Anti-Infantry Loiter
Selects UNKNOWN (2162291)
Selects Raiding Flares
Selects SSF Commando Squad
Selects Assault Operation
M4A1 Sherman Whizbang
Construct Weapon Support Center
Raiding Flares
M3 Armored Personnel Carrier
M4A1 Sherman Medium Tank
M4A1 Sherman Medium Tank
M4A1 Sherman Medium Tank
M4A1 Sherman Medium Tank
fmas3
Asni
admiral_gnar
SharkLuv3r
Trusty Rumbone
dalty108
OKW Ferdinand Schörner
Lt Ghost
0
0
Comments
sign in to comment!
No comments posted yet!